[ AOE2 MATCH · #507037059 ]
UnrankedPersians vs Poles
Player's team · LOSS
Rival team · WIN
[ REPLAY ANALYSIS · EXTRACTED FROM THE RECORDED GAME ]
Feudal
7:38
Castle
21:19
Imperial
29:41
| APM avg | 32.7 |
| APM peak | 99 |
| eAPM avg | 17.7 |
| Villagers / military | 72 / 17 |
Focus
⚔️ 22.3% · 🌾 77.7%
Knight ×8 · Trebuchet (Packed) ×5 · Scout Cavalry ×4
Feudal
8:38
Castle
22:54
Imperial
29:44
| APM avg | 30.8 |
| APM peak | 101 |
| eAPM avg | 16.1 |
| Villagers / military | 71 / 7 |
Focus
⚔️ 27.9% · 🌾 72.1%
Trebuchet (Packed) ×7
Match map
Initial resources + every placement click. Lines = walls · curves = elevation contours. ◆ gold · ⬟ stone · ● berries · ✦ relic · ◌ wall gap
Your base· ✓ Closed at 21:19 · 6t walls · 3 gate(s) · fragile
kim.henrik.himanen123's base· ✓ Closed at 22:54 · 7t walls · 5 gate(s)
Smoothed initial terrain · ◌ = detected wall gap · hover for details
Inputs per minute
— Priceless - - kim.henrik.himanen123
Build order — Priceless
First 150 of 170 actions detected
| 0:01 | Queue | Villager (Male) |
| 0:01 | Queue | Villager (Male) |
| 0:02 | Build | House |
| 0:03 | Build | House |
| 0:13 | Queue | Villager (Male) |
| 0:13 | Queue | Villager (Male) |
| 0:22 | Queue | Villager (Male) |
| 0:22 | Queue | Villager (Male) |
| 1:23 | Queue | Villager (Male) |
| 1:47 | Build | Lumber Camp |
| 1:55 | Queue | Villager (Male) |
| 1:55 | Queue | Villager (Male) |
| 2:40 | Queue | Villager (Male) |
| 2:40 | Queue | Villager (Male) |
| 2:41 | Queue | Villager (Male) |
| 3:13 | Queue | Villager (Male) |
| 3:26 | Build | House |
| 3:54 | Queue | Villager (Male) |
| 4:18 | Queue | Villager (Male) |
| 4:29 | Build | Mill |
| 4:43 | Queue | Villager (Male) |
| 5:06 | Queue | Villager (Male) |
| 5:32 | Research | Feudal Age |
| 6:06 | Build | House |
| 6:21 | Queue | Villager (Male) |
| 7:18 | Queue | Villager (Male) |
| 7:38 | Age | Feudal Age |
| 7:39 | Research | Double-Bit Axe |
| 7:42 | Research | Horse Collar |
| 7:48 | Queue | Villager (Male) |
| 8:03 | Queue | Villager (Male) |
| 8:06 | Build | Farm |
| 8:10 | Build | Farm |
| 8:24 | Build | House |
| 8:42 | Queue | Villager (Male) |
| 8:47 | Build | Barracks |
| 8:50 | Queue | Villager (Male) |
| 9:23 | Queue | Villager (Male) |
| 9:26 | Build | Farm |
| 9:30 | Build | Farm |
| 9:32 | Queue | Villager (Male) |
| 9:35 | Build | Farm |
| 9:48 | Queue | Villager (Male) |
| 9:53 | Build | Farm |
| 10:05 | Research | Loom |
| 10:12 | Build | House |
| 10:12 | Build | House |
| 10:19 | Queue | Villager (Male) |
| 10:23 | Build | House |
| 10:24 | Build | House |
| 10:39 | Build | Watch Tower |
| 10:42 | Queue | Villager (Male) |
| 10:50 | Queue | Villager (Male) |
| 10:54 | Build | House |
| 10:58 | Build | House |
| 11:09 | Build | Palisade Wall |
| 11:11 | Build | Palisade Wall |
| 11:17 | Queue | Villager (Male) |
| 11:53 | Build | House |
| 12:10 | Build | Farm |
| 12:10 | Build | Farm |
| 12:11 | Build | Farm |
| 12:16 | Queue | Villager (Male) |
| 12:16 | Queue | Villager (Male) |
| 12:19 | Queue | Villager (Male) |
| 12:23 | Build | Mining Camp |
| 12:36 | Build | House |
| 12:42 | Build | House |
| 12:48 | Queue | Villager (Male) |
| 13:07 | Queue | Villager (Male) |
| 13:44 | Build | Watch Tower |
| 13:46 | Build | Blacksmith |
| 14:03 | Build | House |
| 14:12 | Queue | Villager (Male) |
| 14:23 | Queue | Villager (Male) |
| 14:25 | Build | Farm |
| 14:30 | Build | Mining Camp |
| 14:50 | Research | Fletching |
| 14:56 | Queue | Villager (Male) |
| 15:10 | Build | Stable |
| 15:12 | Queue | Villager (Male) |
| 15:38 | Queue | Villager (Male) |
| 15:45 | Build | Market |
| 15:48 | Queue | Villager (Male) |
| 15:55 | Queue | Scout Cavalry |
| 15:56 | Queue | Scout Cavalry |
| 15:59 | Research | Scale Barding Armor |
| 16:25 | Queue | Villager (Male) |
| 16:27 | Build | Farm |
| 16:30 | Build | Farm |
| 16:33 | Build | Farm |
| 16:37 | Queue | Villager (Male) |
| 17:06 | Queue | Scout Cavalry |
| 17:13 | Queue | Villager (Male) |
| 17:16 | Build | Farm |
| 17:18 | Build | Farm |
| 17:20 | Build | Farm |
| 17:21 | Queue | Villager (Male) |
| 18:54 | Research | Castle Age |
| 19:15 | Queue | Scout Cavalry |
| 19:32 | Build | Stable |
| 19:43 | Research | Forging |
| 20:31 | Research | Bloodlines |
| 20:38 | Build | Lumber Camp |
| 21:01 | Build | Farm |
| 21:02 | Build | Farm |
| 21:02 | Build | Farm |
| 21:02 | Build | Farm |
| 21:19 | Age | Castle Age |
| 21:21 | Build | Town Center |
| 21:23 | Research | Bodkin Arrow |
| 21:25 | Queue | Knight |
| 21:25 | Queue | Knight |
| 21:50 | Queue | Villager (Male) |
| 21:51 | Queue | Villager (Male) |
| 22:52 | Queue | Knight |
| 22:52 | Queue | Knight |
| 22:55 | Queue | Villager (Male) |
| 23:14 | Queue | Villager (Male) |
| 23:33 | Build | Castle |
| 24:03 | Queue | Knight |
| 24:03 | Queue | Knight |
| 25:44 | Build | Farm |
| 25:44 | Build | Farm |
| 25:45 | Build | Farm |
| 25:45 | Build | Farm |
| 25:45 | Build | Farm |
| 25:45 | Build | Farm |
| 25:45 | Build | Farm |
| 25:46 | Build | Farm |
| 25:46 | Build | Farm |
| 26:27 | Build | Farm |
| 26:34 | Build | Farm |
| 26:40 | Build | Farm |
| 26:56 | Research | Imperial Age |
| 27:31 | Queue | Villager (Male) |
| 27:31 | Queue | Villager (Male) |
| 27:32 | Queue | Villager (Male) |
| 28:04 | Build | Town Center |
| 28:19 | Queue | Villager (Male) |
| 28:19 | Queue | Villager (Male) |
| 28:19 | Queue | Villager (Male) |
| 29:08 | Queue | Villager (Male) |
| 29:08 | Queue | Villager (Male) |
| 29:24 | Build | Farm |
| 29:26 | Queue | Villager (Male) |
| 29:26 | Queue | Villager (Male) |
| 29:41 | Age | Imperial Age |
| 29:42 | Queue | Trebuchet (Packed) |
| 29:42 | Queue | Trebuchet (Packed) |
Build order — kim.henrik.himanen123
First 150 of 153 actions detected
| 0:00 | Queue | Villager (Male) ×4 |
| 0:02 | Build | House |
| 0:03 | Build | House |
| 1:31 | Queue | Villager (Male) |
| 1:57 | Build | Lumber Camp |
| 2:00 | Queue | Villager (Male) |
| 2:24 | Queue | Villager (Male) ×2 |
| 3:04 | Build | House |
| 3:19 | Queue | Villager (Male) |
| 3:19 | Queue | Villager (Male) |
| 3:41 | Queue | Villager (Male) ×2 |
| 3:48 | Build | Palisade Wall |
| 3:58 | Queue | Villager (Male) |
| 4:41 | Build | Mining Camp |
| 4:58 | Queue | Villager (Male) |
| 5:34 | Queue | Villager (Male) |
| 5:34 | Research | Loom |
| 6:28 | Research | Feudal Age |
| 7:37 | Build | House |
| 8:31 | Queue | Villager (Male) |
| 8:31 | Queue | Villager (Male) |
| 8:38 | Age | Feudal Age |
| 9:10 | Research | Double-Bit Axe |
| 9:42 | Queue | Villager (Male) |
| 9:42 | Queue | Villager (Male) |
| 10:01 | Research | Stone Mining |
| 10:07 | Build | Watch Tower |
| 10:29 | Build | House |
| 10:33 | Queue | Villager (Male) |
| 10:33 | Queue | Villager (Male) |
| 10:50 | Build | Blacksmith |
| 10:59 | Queue | Villager (Male) |
| 11:23 | Queue | Villager (Male) |
| 11:31 | Build | Watch Tower |
| 11:42 | Build | Mill |
| 11:45 | Queue | Villager (Male) |
| 12:13 | Queue | Villager (Male) |
| 12:16 | Build | House |
| 12:29 | Build | House |
| 12:32 | Build | Watch Tower |
| 12:41 | Research | Fletching |
| 12:49 | Queue | Villager (Male) |
| 12:53 | Build | House |
| 13:03 | Build | Farm |
| 13:05 | Build | Farm |
| 13:37 | Queue | Villager (Male) |
| 13:41 | Build | Farm |
| 13:42 | Queue | Villager (Male) |
| 13:45 | Build | House |
| 13:52 | Queue | Villager (Male) |
| 13:58 | Queue | Villager (Male) |
| 14:22 | Queue | Villager (Male) |
| 14:33 | Build | Farm |
| 14:34 | Queue | Villager (Male) |
| 14:35 | Build | House |
| 14:36 | Build | House |
| 14:48 | Queue | Villager (Male) |
| 14:59 | Build | Market |
| 15:09 | Queue | Villager (Male) ×2 |
| 15:25 | Queue | Villager (Male) |
| 15:43 | Research | Horse Collar |
| 15:43 | Research | Horse Collar |
| 16:43 | Queue | Villager (Male) |
| 16:43 | Queue | Villager (Male) |
| 16:52 | Build | Mill |
| 16:53 | Build | Farm |
| 16:53 | Build | Farm |
| 16:53 | Build | Farm |
| 16:54 | Build | Farm |
| 16:54 | Build | Farm |
| 16:54 | Build | Farm |
| 16:54 | Build | Farm |
| 16:55 | Build | Farm |
| 16:55 | Build | Farm |
| 17:28 | Build | Watch Tower |
| 17:36 | Queue | Villager (Male) |
| 17:36 | Queue | Villager (Male) |
| 17:45 | Build | Palisade Wall |
| 17:46 | Build | Palisade Wall |
| 17:48 | Build | Palisade Wall |
| 18:11 | Build | Palisade Wall |
| 18:13 | Build | Palisade Wall |
| 18:56 | Queue | Villager (Male) |
| 18:56 | Queue | Villager (Male) |
| 19:21 | Build | Watch Tower |
| 19:29 | Build | Palisade Wall |
| 19:33 | Build | Palisade Wall |
| 19:41 | Build | Farm |
| 19:42 | Build | Farm |
| 19:43 | Build | Farm |
| 19:46 | Build | Farm |
| 19:47 | Build | Farm |
| 19:47 | Build | Farm |
| 19:47 | Build | Farm |
| 20:14 | Research | Castle Age |
| 21:19 | Build | Watch Tower |
| 21:29 | Build | Lumber Camp |
| 21:46 | Build | Farm |
| 22:09 | Build | Palisade Wall |
| 22:10 | Build | Palisade Wall |
| 22:11 | Build | Palisade Wall |
| 22:54 | Age | Castle Age |
| 22:58 | Build | University |
| 23:03 | Research | Bodkin Arrow |
| 23:22 | Research | Guard Tower (upgrade) |
| 24:10 | Build | Castle |
| 24:15 | Queue | Villager (Male) ×5 |
| 24:31 | Research | Bow Saw |
| 24:41 | Build | House |
| 24:43 | Build | House |
| 25:00 | Build | Mining Camp |
| 25:07 | Queue | Villager (Male) |
| 25:07 | Queue | Villager (Male) |
| 25:18 | Build | Mining Camp |
| 26:25 | Build | Stone Wall |
| 26:34 | Research | Imperial Age |
| 26:40 | Build | House |
| 26:43 | Build | House |
| 26:48 | Build | House |
| 26:50 | Build | House |
| 27:00 | Build | House |
| 27:03 | Research | Heavy Plow |
| 27:25 | Build | Gate |
| 27:28 | Build | Gate |
| 27:34 | Build | Gate |
| 27:38 | Build | Gate |
| 27:53 | Build | Gate |
| 27:56 | Build | House |
| 28:41 | Build | Castle |
| 28:53 | Research | Masonry |
| 29:44 | Age | Imperial Age |
| 29:53 | Queue | Trebuchet (Packed) |
| 30:25 | Queue | Trebuchet (Packed) |
| 30:25 | Queue | Trebuchet (Packed) |
| 30:36 | Queue | Villager (Male) ×3 |
| 31:05 | Queue | Trebuchet (Packed) |
| 31:05 | Queue | Trebuchet (Packed) |
| 31:29 | Queue | Trebuchet (Packed) |
| 31:29 | Queue | Trebuchet (Packed) |
| 32:06 | Queue | Villager (Male) ×4 |
| 32:14 | Queue | Villager (Male) |
| 32:27 | Queue | Villager (Male) |
| 32:59 | Queue | Villager (Male) ×3 |
| 33:07 | Queue | Villager (Male) |
| 33:14 | Queue | Villager (Male) |
| 33:18 | Queue | Villager (Male) |
| 33:35 | Queue | Villager (Male) |
| 33:41 | Queue | Villager (Male) |
| 33:55 | Queue | Villager (Male) |
| 34:05 | Queue | Villager (Male) |
Match timeline
| 3:48 | kim.henrik.himanen123 · wall_segment Palisade Wall x1 |
| 7:38 | Priceless · age_up feudal |
| 8:38 | kim.henrik.himanen123 · age_up feudal |
| 8:47 | Priceless · first_building Barracks |
| 11:09 | Priceless · wall_segment Palisade Wall x5 |
| 11:11 | Priceless · wall_segment Palisade Wall x1 |
| 15:10 | Priceless · first_building Stable |
| 17:45 | kim.henrik.himanen123 · wall_segment Palisade Wall x1 |
| 17:46 | kim.henrik.himanen123 · wall_segment Palisade Wall x1 |
| 17:48 | kim.henrik.himanen123 · wall_segment Palisade Wall x1 |
| 18:11 | kim.henrik.himanen123 · wall_segment Palisade Wall x1 |
| 18:13 | kim.henrik.himanen123 · wall_segment Palisade Wall x1 |
| 19:29 | kim.henrik.himanen123 · wall_segment Palisade Wall x1 |
| 19:33 | kim.henrik.himanen123 · wall_segment Palisade Wall x1 |
| 20:33 | Priceless · first_market_sell 100 wood |
| 21:19 | Priceless · age_up castle |
| 22:09 | kim.henrik.himanen123 · wall_segment Palisade Wall x1 |
| 22:10 | kim.henrik.himanen123 · wall_segment Palisade Wall x1 |
| 22:11 | kim.henrik.himanen123 · wall_segment Palisade Wall x1 |
| 22:54 | kim.henrik.himanen123 · age_up castle |
| 23:02 | Priceless · first_market_buy 100 stone |
| 23:33 | Priceless · first_building Castle |
| 24:10 | kim.henrik.himanen123 · first_building Castle |
| 25:56 | kim.henrik.himanen123 · first_market_sell 100 food |
| 26:25 | kim.henrik.himanen123 · wall_segment Stone Wall x4 |
| 28:27 | kim.henrik.himanen123 · first_market_buy 100 stone |
| 29:41 | Priceless · age_up imperial |
| 29:44 | kim.henrik.himanen123 · age_up imperial |
| 34:39 | Priceless · resign |
[ AI ANALYSIS · 1 CREDIT ]
What really happened in this match?
Wolo.gg analyzes every decision: build order, eco, micro, common mistakes by bracket. Personalized analysis on WhatsApp or Discord in 30 seconds.
Civ guide
Persians
Perfil
Priceless